 Dungeon Sprint DCSS version 0.22-b1-26-g9dbaab1 (webtiles) character file.

25217 Lilu the Hoplite (level 12, 0/133 HPs)
             Began as a Minotaur Fighter on Aug 6, 2018.
             Was the Champion of Okawaru.
             Killed from afar by a swamp dragon (10 damage)
             ... with a blast of poison
             ... in the Dungeon (Sprint IX: "|||||||||||||||||||||||||||||").
             The game lasted 00:25:02 (3309 turns).

Lilu the Hoplite (Minotaur Fighter)                 Turns: 3309, Time: 00:25:04

Health: 0/133      AC: 21    Str: 26    XL:     12   Next: 87%
Magic:  15/18      EV: 16    Int:  5    God:    Okawaru [******]
Gold:   1639       SH: 36    Dex: 20    Spells: 11/11 levels left

rFire    . . .     SeeInvis .   v - +4 broad axe (drain)
rCold    . . .     Gourm    .   w - +8 large shield of Uruxuem {Dex+7}
rNeg     . . .     Faith    .   p - +1 chain mail
rPois    .         Spirit   .   P - +0 hat {MR+}
rElec    .         Reflect  .   o - +0 cloak
rCorr    .         Harm     .   (no gloves)
MR       +....     NoTele   +   z - +2 pair of boots
Stlth    ..........             (no amulet)
HPRegen  0.32/turn              q - +3 ring of strength
MPRegen  0.16/turn              r - +2 ring of protection

@: lethally poisoned (0 -> -105), heroism, finesse
A: retaliatory headbutt, horns 2
a: Heroism, Finesse, Renounce Religion


You were in the Dungeon.
You worshipped Okawaru.
Okawaru was exalted by your worship.
You were not hungry.

You visited 1 branch You collected 1914 gold pieces.
You spent 275 gold pieces at shops.

Inventory:

Hand Weapons
 b - a +0 shortbow of flaming
 n - a +3 war axe of freezing
 v - a +4 broad axe of draining (weapon)
 y - the +7 battleaxe of the Aged Eyes {antimagic, *Corrode rElec rC+, unknown}
   (Okawaru gifted it to you in the Dungeon)

   It reduces the magical energy of the wielder, and disrupts the spells and
   magical abilities of those hit.
   Natural abilities and divine invocations are not affected.
   It protects you from cold.
   It insulates you from electricity.
   It may corrode you when you take damage.
 E - the +6 arbalest "Voekoe" {freeze, Int-4 Dex+6 Stlth+}
   (You found it in the Dungeon)

   It causes projectiles fired from it to freeze those they strike, causing
   extra injury to most foes and up to half again as much damage against
   particularly susceptible opponents.
   They can also slow down cold-blooded creatures.
   It affects your intelligence (-4).
   It affects your dexterity (+6).
   It makes you more stealthy.
 G - a +1 great mace of venom
 N - a +1 demon whip of flaming
Missiles
 j - 18 arrows
 Q - 26 bolts
Armour
 c - a +1 hat
 o - a +0 cloak (worn)
 p - a +1 chain mail (worn)
 w - the +8 large shield of Uruxuem (worn) {Dex+7}
   (Okawaru gifted it to you in the Dungeon)

   It affects your dexterity (+7).
 z - a +2 pair of boots (worn)
 F - +0 acid dragon scales
 H - a +0 crystal plate armour
 I - +1 ice dragon scales
 J - +0 swamp dragon scales
 P - a +0 hat of magic resistance (worn)
Jewellery
 q - a +3 ring of strength (left hand)
 r - a +2 ring of protection (right hand)
 s - an uncursed amulet of harm
 A - an uncursed ring of protection from magic
 B - an uncursed ring of fire
 C - an uncursed ring of fire
 D - an uncursed ring of protection from cold
Wands
 m - a wand of iceblast (18)
Scrolls
 h - 4 scrolls of remove curse
 k - 4 scrolls of blinking
 l - 2 scrolls of amnesia
 t - 2 scrolls of identify
 u - 3 scrolls of fear
 M - a scroll of fog
Potions
 a - 2 potions of mutation
 d - a potion of invisibility
 e - 6 potions of heal wounds
 g - 7 potions of curing
 i - 4 potions of magic
 K - a potion of might
 L - a potion of berserk rage
Comestibles
 f - 11 rations


   Skills:
 - Level 20.0(25.0) Fighting
 - Level 16.8(21.8) Axes
 - Level 8.2(13.2) Armour
 + Level 5.5(10.5) Dodging
 * Level 23.4(27) Shields
 - Level 10.4 Invocations


You had 11 spell levels left.
You didn't know any spells.
Your spell library was empty.

Dungeon Overview and Level Annotations

Branches:
Dungeon (1/1)

Altars:
Cheibriados
Dithmenos
Elyvilon
Fedhas
Gozag
Hepliaklqana
Kikubaaqudgha
Makhleb
Nemelex Xobeh
Okawaru
Qazlal
Ru
Sif Muna
Trog
Uskayaw
Vehumet
Wu Jian
Xom
Yredelemnul
Zin
The Shining One
Beogh
Jiyva
Lugonu

Shops:
D }}:[


Innate Abilities, Weirdness & Mutations

You reflexively headbutt those who attack you in melee.
You have a pair of horns on your head.


Message History

You are engulfed in poison gas.
You are more poisoned.
You feel very sick.
You are engulfed in poison gas.
You are lethally poisoned!
You feel very sick.
You are engulfed in poison gas.
You are more poisoned.
You feel very sick.
The briar patch crumbles away.
You are engulfed in poison gas.
You are more poisoned.
* * * LOW HITPOINT WARNING * * *
x2 You feel extremely sick.
You are engulfed in poison gas.
You are more poisoned.
* * * LOW HITPOINT WARNING * * *
x2 You feel extremely sick.
The swamp dragon breathes poison at you.
The blast of poison engulfs you!
You are more poisoned.
You die...

'▓.▓.▓.▓)▓.▓)▓.♣)♣
.▓.▓[▓.▓)▓.▓)▓.♣§♣
.▓.▓.▓.▓)▓.▓.▓.▓k▓
.▓.▓(▓.▓)▓.▓.▓.▓D▓
.▓.▓.▓.▓.▓.▓.▓.▓§▓
.▓.▓.▓.▓.▓.▓.▓.▓§▓
'▓.▓.▓.▓.▓.▓.▓.▓§▓
)▓.▓.▓.▓.▓.▓'▓.▓§▓
.▓.▓.▓.▓.▓.▓.▓.▓@▓
.▓.▓'▓.▓.▓.▓.▓.▓§▓
)▓.▓.▓.▓.▓.▓.▓.▓.▓
÷▓.▓.▓.▓.▓.▓.▓.▓.▓
(▓.▓.▓.▓.▓.▓.▓.▓.▓
.▓.▓.▓.▓.▓.▓.▓.▓.▓
.▓.▓.▓.▓)▓.▓.▓.▓.▓
.▓.▓.▓.▓.▓.▓.▓.▓.▓
<▓...▓)))▓...▓...▓


You could see a swamp dragon and a swamp drake.

Vanquished Creatures
  A thorn hunter (D)
  A frost giant (D)
  A stone giant (D)
  A dire elephant (D)
  Snorg (D)
  An ice dragon (D)
  A hydra (D)
  Erica (D)
  A centaur warrior (D)
  A two-headed ogre (D)
  An ogre mage (D)
  A deep troll shaman (D)
  5 orc high priests (D)
  A tengu warrior (D)
  Nergalle (D)
  3 orc knights (D)
  An orc sorcerer (D)
  A deep elf mage (D)
  8 elephants (D)
  Joseph (D)
  A spiny frog (D)
  A yaktaur (D)
  3 komodo dragons (D)
  2 tyrant leeches (D)
  A hornet (D)
  A bog body (D)
  2 hippogriffs (D)
  A slime creature (D)
  A spriggan (D)
  A basilisk (D)
  A vampire mosquito (D)
  5 water moccasins (D)
  5 porcupines (D)
  A sky beast (D)
  12 orc warriors (D)
  An ice beast (D)
  A crocodile (D)
  5 bullfrogs (D)
  A scorpion (D)
  A wight (D)
  A quasit (D)
  A jelly (D)
  2 orc priests (D)
  An orc wizard (D)
  2 worker ants (D)
  A gnoll (D)
  A shadow imp (D)
  15 orcs (D)
  A ball python (D)
  A kobold (D)
  A quokka (D)
  A bat (D)
  A giant cockroach zombie (D)
  A quokka skeleton (D)
  2 rats (D)
112 creatures vanquished.

Vanquished Creatures (others)
  A vampire mosquito (D)
  A briar patch (D)
2 creatures vanquished.

Grand Total: 114 creatures vanquished

Notes
Turn   | Place    | Note
-------+----------+-------------------------------------------
     0 | D        | Lilu the Minotaur Fighter began the quest for the Orb.
     0 | D        | Reached XP level 1. HP: 19/19 MP: 0/0
     9 | D        | Reached skill level 4 in Shields
    33 | D        | Noticed a scorpion
    33 | D        | Noticed a sky beast
    41 | D        | Reached XP level 2. HP: 28/28 MP: 1/1
    68 | D        | Killed a sky beast
    68 | D        | Reached skill level 7 in Shields
    68 | D        | Reached XP level 3. HP: 8/39 MP: 2/2
    68 | D        | Reached XP level 4. HP: 9/47 MP: 3/3
    70 | D        | Reached skill level 8 in Shields
    70 | D        | Reached XP level 5. HP: 11/53 MP: 4/4
    82 | D        | Found a roughly hewn altar of Beogh.
    82 | D        | Found a snail-covered altar of Cheibriados.
    82 | D        | Found a shadowy altar of Dithmenos.
    82 | D        | Found a white marble altar of Elyvilon.
    82 | D        | Found a blossoming altar of Fedhas.
    82 | D        | Found an opulent altar of Gozag.
    83 | D        | Found a hazy altar of Hepliaklqana.
    84 | D        | Found a viscous altar of Jiyva.
    85 | D        | Found an ancient bone altar of Kikubaaqudgha.
    86 | D        | Found a corrupted altar of Lugonu.
    87 | D        | Found a burning altar of Makhleb.
    88 | D        | Found a sparkling altar of Nemelex Xobeh.
    89 | D        | Found an iron altar of Okawaru.
    90 | D        | Found a stormy altar of Qazlal.
    91 | D        | Found a sacrificial altar of Ru.
    92 | D        | Found a deep blue altar of Sif Muna.
    93 | D        | Found a bloodstained altar of Trog.
    94 | D        | Found a hide-covered altar of Uskayaw.
    95 | D        | Found a radiant altar of Vehumet.
    96 | D        | Found an ornate altar of the Wu Jian Council.
    97 | D        | Found a shimmering altar of Xom.
    98 | D        | Found a basalt altar of Yredelemnul.
    99 | D        | Found a glowing silver altar of Zin.
   100 | D        | Found a glowing golden altar of the Shining One.
   119 | D        | Became a worshipper of Warmaster Okawaru
   465 | D        | Noticed an ice beast
   465 | D        | Noticed a komodo dragon
   471 | D        | Killed a komodo dragon
   471 | D        | Reached skill level 10 in Fighting
   471 | D        | Reached XP level 6. HP: 55/67 MP: 5/5
   476 | D        | Killed an ice beast
   476 | D        | Reached skill level 10 in Axes
   478 | D        | Reached XP level 7. HP: 60/73 MP: 6/6
   632 | D        | Noticed a centaur warrior
   632 | D        | Noticed a two-headed ogre
   632 | D        | Noticed a deep elf mage
   645 | D        | Killed a deep elf mage
   645 | D        | Reached * piety under Okawaru
   645 | D        | Reached ** piety under Okawaru
   645 | D        | Reached XP level 8. HP: 51/85 MP: 7/7
   647 | D        | Killed a two-headed ogre
   647 | D        | Reached *** piety under Okawaru
   647 | D        | Reached skill level 15 in Axes
   652 | D        | Killed a centaur warrior
   652 | D        | Reached **** piety under Okawaru
   652 | D        | Reached ***** piety under Okawaru
   652 | D        | Reached XP level 9. HP: 43/96 MP: 8/8
   987 | D        | Noticed a komodo dragon
   989 | D        | Reached skill level 1 in Invocations
   992 | D        | Reached skill level 9 in Shields
  1001 | D        | Killed a komodo dragon
  1001 | D        | Reached skill level 10 in Shields
  1002 | D        | Noticed a spiny frog
  1010 | D        | Reached skill level 15 in Fighting
  1019 | D        | Killed a spiny frog
  1019 | D        | Reached skill level 11 in Shields
  1316 | D        | Noticed an elephant
  1316 | D        | Noticed a komodo dragon
  1320 | D        | Killed a komodo dragon
  1320 | D        | Reached skill level 12 in Shields
  1320 | D        | Reached XP level 10. HP: 106/106 MP: 12/12
  1331 | D        | Killed an elephant
  1331 | D        | Received a gift from Okawaru
  1341 | D        | Reached skill level 13 in Shields
  1364 | D        | Got a faintly humming large shield {god gift}
  1375 | D        | Identified the +8 large shield of Uruxuem {Dex+7} (Okawaru gifted it to you in the Dungeon)
  1499 | D        | Noticed an elephant
  1499 | D        | Noticed an elephant
  1499 | D        | Noticed an elephant
  1499 | D        | Noticed an elephant
  1499 | D        | Noticed a dire elephant
  1499 | D        | Noticed an elephant
  1505 | D        | Killed a dire elephant
  1505 | D        | Reached skill level 15 in Shields
  1510 | D        | Noticed an elephant
  1511 | D        | Killed an elephant
  1516 | D        | Killed an elephant
  1516 | D        | Reached skill level 16 in Shields
  1523 | D        | Killed an elephant
  1531 | D        | Killed an elephant
  1531 | D        | Reached skill level 17 in Shields
  1532 | D        | Noticed an elephant
  1535 | D        | Killed an elephant
  1535 | D        | Reached XP level 11. HP: 114/114 MP: 7/13
  1541 | D        | Reached skill level 18 in Shields
  1638 | D        | Noticed Erica
  1648 | D        | Killed Erica
  1788 | D        | Received a gift from Okawaru
  1797 | D        | Noticed an orc high priest
  1804 | D        | Got a scorched battleaxe {god gift}
  1840 | D        | Noticed a soul eater
  1844 | D        | Reached skill level 19 in Shields
  1855 | D        | Killed an orc high priest
  1943 | D        | Found Xiulup's Armour Boutique.
  1943 | D        | Noticed an orc high priest
  1944 | D        | Noticed an orc high priest
  1948 | D        | Noticed an orc knight
  1955 | D        | Killed an orc high priest
  1956 | D        | Found Lahewup's Book Shop.
  1968 | D        | Killed an orc high priest
  1969 | D        | Found Ixuonnei's Gadget Boutique.
  1969 | D        | Noticed an orc high priest
  1970 | D        | Noticed an orc high priest
  1974 | D        | Killed an orc knight
  1974 | D        | Reached ****** piety under Okawaru
  1974 | D        | Received a gift from Okawaru
  1974 | D        | Reached skill level 20 in Shields
  1975 | D        | Found Zochaj's Gadget Shop.
  1975 | D        | Noticed an orc knight
  1976 | D        | Noticed a sixfirhy
  1988 | D        | Noticed an orc sorcerer
  1991 | D        | Killed an orc high priest
  2059 | D        | Killed an orc high priest
  2063 | D        | Killed an orc knight
  2069 | D        | Killed an orc sorcerer
  2330 | D        | Bought a +2 pair of boots for 165 gold pieces
  2343 | D        | Bought a +1 hat for 110 gold pieces
  2400 | D        | Noticed Joseph
  2409 | D        | Killed Joseph
  2474 | D        | Got the +6 arbalest "Voekoe" {freeze, Int-4 Dex+6 Stlth+}
  2571 | D        | Noticed a seven-headed hydra
  2605 | D        | Killed a seven-headed hydra
  2605 | D        | Reached skill level 21 in Shields
  2605 | D        | Reached XP level 12. HP: 82/128 MP: 9/17
  2793 | D        | Noticed a stone giant
  2794 | D        | Noticed a frost giant
  2795 | D        | Noticed a tengu warrior
  2796 | D        | Noticed an ogre mage
  2797 | D        | Noticed a deep troll shaman
  2800 | D        | Noticed an ice dragon
  2806 | D        | Killed a frost giant
  2806 | D        | Received a gift from Okawaru
  2810 | D        | Killed a stone giant
  2810 | D        | Reached skill level 10 in Invocations
  2821 | D        | Killed a tengu warrior
  2825 | D        | Killed a deep troll shaman
  2825 | D        | Reached skill level 22 in Shields
  2833 | D        | Killed an ogre mage
  2844 | D        | Killed an ice dragon
  2968 | D        | Noticed Nergalle
  2988 | D        | Killed Nergalle
  2988 | D        | Reached skill level 1 in Dodging
  3228 | D        | Noticed Snorg
  3237 | D        | Killed Snorg
  3263 | D        | Noticed a thorn hunter
  3295 | D        | Killed a thorn hunter
  3295 | D        | Reached skill level 5 in Dodging
  3295 | D        | Reached skill level 23 in Shields
  3309 | D        | Killed from afar by a swamp dragon

Skill      XL: |  1  2  3  4  5  6  7  8  9 10 11 12 |
---------------+-------------------------------------+-----
Fighting       | 4 7 8 10 12 14 15 16 18 20 | 20.0
Armour         | 4 7 8 |  8.2
Shields        | 4 7 8 12 17 21 23 | 23.4
Axes           | 9 10 13 16 | 16.8
Invocations    | 4 8 10 | 10.4
Dodging        | 5 |  5.5

Action                   |  1- 3 |  4- 6 |  7- 9 | 10-12 || total
-------------------------+-------+-------+-------+-------++-------
Melee: War axe           |    37 |    15 |    53 |   203 ||   308
       Headbutt          |     1 |     2 |    16 |   101 ||   120
       Demon whip        |       |       |       |     5 ||     5
       Broad axe         |       |       |       |   103 ||   103
Invok: Heroism           |       |       |       |     8 ||     8
       Finesse           |       |       |       |     7 ||     7
  Use: Potion            |     4 |     1 |       |       ||     5
 Stab: Confused          |       |       |       |     1 ||     1
  Eat: Chunk             |       |       |     1 |     7 ||     8
Armor: Scale mail        |    20 |       |       |       ||    20
       Chain mail        |       |     1 |    12 |    31 ||    44
Dodge: Dodged            |    10 |       |     7 |    25 ||    42
Block: Shield            |    16 |     4 |    19 |    13 ||    52
       Large shield      |       |       |       |   218 ||   218
